 Dungeon Crawl Stone Soup version 0.24.1 (webtiles) character file.

Game seed: 2453972055429666987, levelgen mode: deterministic

26 Destapler the Firebug (level 3, 0/28 HPs)
             Began as a Hill Orc Fire Elementalist on Mar 30, 2020.
             Slain by a kobold
             ... wielding a cursed -1 mace
              (2 damage)
             ... on level 1 of the Dungeon.
             The game lasted 00:04:08 (915 turns).

Destapler the Firebug (Hill Orc Fire Elementalist)   Turns: 915, Time: 00:04:09

Health: 0/28       AC:  2    Str: 10    XL:     3   Next: 8%
Magic:  0/5        EV: 12    Int: 16    God:
Gold:   13         SH:  0    Dex: 11    Spells: 4/5 levels left

rFire    . . .     SeeInvis .   e - +0 short sword
rCold    . . .     Gourm    .   (no shield)
rNeg     . . .     Faith    .   a - +0 robe
rPois    .         Spirit   .   (no helmet)
rElec    .         Reflect  .   (no cloak)
rCorr    .         Harm     .   (no gloves)
MR       .....                  (no boots)
Stlth    ++........             (no amulet)
HPRegen  0.09/turn              (no ring)
MPRegen  0.09/turn              (no ring)

@: no status effects
A: no striking features
a: no special abilities


You were on level 1 of the Dungeon.
You were hungry.

You visited 1 branch of the dungeon, and saw 1 of its levels.

You collected 13 gold pieces.

Inventory:

Hand Weapons
 e - a +0 short sword (weapon)
Armour
 a - a +0 robe (worn)
Scrolls
 d - a scroll of identify {unknown}
 g - a scroll of teleportation {unknown}
 i - a scroll of remove curse {unknown}
Potions
 b - a potion of lignification {unknown}
 h - a potion of agility {unknown}
Comestibles
 c - 4 rations
 f - a chunk of flesh


   Skills:
 + Level 1.1 Fighting
 + Level 1.9 Dodging
 - Level 1.5 Stealth
 + Level 1.8 Spellcasting
 + Level 1.5 Conjurations
 + Level 3.5 Fire Magic


You had 4 spell levels left.
You knew the following spells:

 Your Spells              Type           Power        Failure   Level  Hunger
a - Flame Tongue          Conj/Fire      #....        8%          1    #......

Your spell library contained the following spells:

 Spells                   Type           Power        Failure   Level  Hunger
 Throw Flame              Conj/Fire      #.....       11%         2    ###....
 Conjure Flame            Conj/Fire      #.......     22%         3    ###....
 Inner Flame              Hex/Fire       #.......     30%         3    ###....
 Sticky Flame             Conj/Fire      #.......     58%         4    #####..
 Fireball                 Conj/Fire      #.........   90%         5    ######.


Dungeon Overview and Level Annotations

Branches:
Dungeon (1/15)

Altars:


Message History

You close the door.
A kobold opens the door.
Casting: Flame Tongue (safe; 8% risk of failure)
Confirm with . or Enter, or press ? or * to list all spells.
Aiming: Flame Tongue (safe; 8% risk of failure)
Press: ? - help, Shift-Dir - straight line, f - kobold
Aim: a kobold, wielding a -1 mace (fast)
The flame tongue hits the kobold but does no damage.
The hobgoblin shouts!
The kobold hits you with a cursed -1 mace!
* * * LOW HITPOINT WARNING * * *
You barely miss the kobold.
The kobold hits you with a cursed -1 mace.
* * * LOW HITPOINT WARNING * * *
You hit the kobold.
The kobold is heavily wounded.
The kobold hits you but does no damage. The kobold closely misses you.
You hit the kobold but do no damage.
The kobold is heavily wounded.
The kobold hits you with a cursed -1 mace.
You die...

. #. .######## #####
.##w########.......###...# .# .
......... +........#..... ..
[#.##......###........#.....
+#.##.#....w.........#.....#.....
.K..........gK)......(.....).....
.....+.........รท###.(#.....#.....
..w..#.#.......####........#.....
.....#.#.......K@.#.......##.....
..g..#.#.###...##.#.......##.....
.....#.#.###...# .#..)....#######
.......#.......##+##.###.....####
g.....>..........................
.......##...........####.#.......
....................# #.#.......
.......#.......#....####.#.##....
#.##...#..............##.#.##....


You could see a dart slug, a hobgoblin and a kobold.

Vanquished Creatures
  A bat (D:1)
  3 giant cockroaches (D:1)
  3 goblins (D:1)
  2 hobgoblins (D:1)
  2 ball pythons (D:1)
  4 frilled lizards (D:1)
  4 kobolds (D:1)
  7 rats (D:1)
26 creatures vanquished.

Notes
Turn   | Place    | Note
-------+----------+-------------------------------------------
     0 | D:1      | Destapler the Hill Orc Fire Elementalist began the quest
                  | for the Orb.
     0 | D:1      | Reached XP level 1. HP: 14/14 MP: 3/3
   327 | D:1      | Reached XP level 2. HP: 17/22 MP: 4/4
   572 | D:1      | Reached skill level 1 in Fighting
   839 | D:1      | Reached XP level 3. HP: 19/28 MP: 1/5
   915 | D:1      | Slain by a kobold

Levels and vault maps discovered:
D:1:      zaba_arrival_water, layout_basic, minmay_domino_4

Skill      XL: |  1  2 |
---------------+-------+-----
Fighting       | 1 |  1.1
Dodging        | |  1.9
Stealth        | |  1.5
Spellcasting   | |  1.8
Conjurations   | |  1.5
Fire Magic     | |  3.5

Action                   || total
-------------------------++-------
Melee: Short sword       ||    69
 Cast: Flame Tongue      ||    26
 Stab: Sleeping          ||     2
Armor: Robe              ||    18
Dodge: Dodged            ||    79
